 Dungeon Crawl Stone Soup version 0.29.1-1-gd02db6906a (webtiles) character file.

Game seed: 5810876956816968861

5 Icepheonix32 the Caller (level 1, -1/13 HPs)
             Began as a Merfolk Summoner on Oct 7, 2022.
             Frozen to death by an endoplasm (5 damage)
             ... on level 1 of the Dungeon.
             The game lasted 00:00:41 (584 turns).

Icepheonix32 the Caller (Merfolk Summoner)           Turns: 584, Time: 00:00:42

Health: -1/13      AC:  2    Str:  8    XL:     1   Next: 80%
Magic:  1/3        EV: 12    Int: 14    God:
Gold:   23         SH:  0    Dex: 14    Spells: 3/4 levels left

rFire   . . .      SeeInvis .   c - +0 dagger
rCold   . . .      Faith    .   (no shield)
rNeg    . . .      Spirit   .   a - +0 robe
rPois   .          Reflect  .   (no helmet)
rElec   .          Harm     .   (no cloak)
rCorr   .          Rampage  .   (no gloves)
Will    .....                   (no boots)
Stlth   ++........              (no amulet)
HPRegen 0.04/turn               (no ring)
MPRegen 0.08/turn               (no ring)

@: no status effects
A: (nimble swimmer 2), mertail
a: no special abilities


You were on level 1 of the Dungeon.
You visited 1 branch of the dungeon, and saw 1 of its levels.

You collected 23 gold pieces.

Inventory:

Hand Weapons
 c - a +0 dagger (weapon)
Armour
 a - a +0 robe (worn)
Scrolls
 d - a scroll of torment {unknown}
Potions
 b - a potion of magic


   Skills:
 - Level 2.6 Dodging
 - Level 2.1 Stealth
 - Level 2.0 Spellcasting
 + Level 4.3 Summonings


You had 3 spell levels left.
You knew the following spells:

 Your Spells              Type           Power      Damage    Failure   Level
a - Summon Small Mammal   Summ           52%        N/A       4%          1

Your spell library contained the following spells:

 Spells                   Type           Power      Damage    Failure   Level
 Call Imp                 Summ           13%        N/A       6%          2
 Call Canine Familiar     Summ           13%        N/A       12%         3
 Summon Guardian Golem    Hex/Summ       7%         N/A       30%         3
 Summon Lightning Spire   Summ/Air       7%         N/A       69%         4


Dungeon Overview and Level Annotations

Branches:
Dungeon (1/15)

Altars:


Innate Abilities, Weirdness & Mutations

((You are very nimble when in or above water. (Stealth+, EV+, Speed+++)))
Your lower body shifts to a powerful aquatic tail in water.


Message History

The endoplasm is heavily wounded.
The endoplasm barely misses you.
Your rat bites the endoplasm. x2
The endoplasm dies!
You swap places.
d - a scroll labelled YRADUI ZI WEYSI Your rat disappears in a puff of smoke!
Your rat disappears in a puff of smoke!
Key pressed, stopping explore.
Found a sling.
You swap places.
Found a faded altar of an unknown god.
Found 6 poisoned darts.
Your legs become a tail as you enter the water.
You now have 21 gold pieces (gained 1).
There is a faded altar of an unknown god here.
Your rat disappears in a puff of smoke!
Your legs become a tail as you enter the water.
You now have 22 gold pieces (gained 1).
You now have 23 gold pieces (gained 1).
An endoplasm comes into view.
An endoplasm is nearby!
Found a stone.
Found a stone staircase leading down.
Found a scroll labelled SUQULUE ZUCKIL.
The endoplasm hits you but does no damage.
You hit the endoplasm but do no damage. The endoplasm freezes you.
You are frozen.
An endoplasm is nearby!
The endoplasm freezes you.
You are frozen.
You are too injured to fight recklessly!
You are too injured to fight recklessly!
You are too injured to fight recklessly!
You are too injured to fight recklessly!
Casting: Summon Small Mammal (safe; 4% risk of failure)
Confirm with . or Enter, or press ? or * to list all spells.
The endoplasm freezes you.
You are frozen.
You die...

.#
###.........##..###
.# ##........##...#
.# #........##...#
.# #.......###.#.#
.# #.....#.......#
†# #.....##.#...##
.# #..#..##..r..#
.# ...#..##.#...#
.# .#.#..##.@.###
.# .......#.J.## ♣#
....r## P# ......#
## ...(.. P# ?#..#.
## #.>.# # ..#


You could see an endoplasm (ally target) and 2 friendly rats.

Vanquished Creatures
  A goblin (D:1)
1 creature vanquished.

Vanquished Creatures (collateral kills)
  An endoplasm (D:1)
  A hobgoblin (D:1)
  A kobold (D:1)
3 creatures vanquished.

Grand Total: 4 creatures vanquished

Notes
Turn   | Place    | Note
-------+----------+-------------------------------------------
     0 | D:1      | Icepheonix32 the Merfolk Summoner began the quest for the
                  | Orb.
     0 | D:1      | Reached XP level 1. HP: 13/13 MP: 3/3
   550 | D:1      | Found a faded altar of an unknown god.
   584 | D:1      | Frozen to death by an endoplasm

Illustrated notes

Levels and vault maps discovered:
D:1:      tarquinn_simple_flora_water_d, layout_rooms,
          hellmonk_ecumenical_altar_pennies_from_heaven, minmay_misc_feat_chi

Action                   || total
-------------------------++-------
Melee: Unarmed           ||     8
       Dagger            ||     4
 Cast: Summon Small Mamm ||    11
Armor: Robe              ||     3
Dodge: Dodged            ||    10
